 Dungeon Crawl Stone Soup version 0.30-a0-738-g116ff8c4af (webtiles) character file.

Game seed: 528653908665233769

1481 epen the Charlatan (level 8, -3/61 HPs)
             Began as a Gnoll Artificer on Feb 3, 2023.
             Slain by an orc warrior
             ... wielding a +0 flail
              (10 damage)
             ... on level 6 of the Dungeon.
             The game lasted 00:09:12 (5131 turns).

epen the Charlatan (Gnoll Artificer)                Turns: 5131, Time: 00:09:12

Health: -3/61      AC:  6    Str: 14    XL:     8   Next: 79%
Magic:  13/13      EV: 13    Int: 11    God:
Gold:   339        SH:  0    Dex: 12    Spells: 14/14 levels left

rFire   . . .      SeeInvis .    v - +1 dagger (elec)
rCold   + + .      Faith    .    (no shield)
rNeg    . . .      Spirit   .    b - +0 leather armour
rPois   .          Reflect  .    (no helmet)
rElec   .          Harm     .    (no cloak)
rCorr   .          Rampage  .    (no gloves)
Will    .....                    o - +1 pair of boots
Stlth   ++                       r - amulet of regeneration
HPRegen 1.10/turn                f - ring of protection from cold
MPRegen 0.13/turn                w - ring of protection from cold

@: no status effects
A: fangs 1, strong nose, distributed training
a: no special abilities


You were on level 6 of the Dungeon.
You visited 1 branch of the dungeon, and saw 6 of its levels.

You collected 339 gold pieces.

Inventory:

Hand Weapons
 a - a +0 club
 v - a +1 dagger of electrocution (weapon)
Armour
 b - a +0 leather armour (worn)
 o - a +1 pair of boots (worn)
Jewellery
 f - a ring of protection from cold (left hand)
 r - an amulet of regeneration (around neck)
 w - a ring of protection from cold (right hand)
Wands
 d - a wand of charming (1)
Scrolls
 e - a scroll of torment {unknown}
 q - a scroll of teleportation
 s - a scroll of enchant weapon
 y - 2 scrolls of brand weapon
Potions
 c - a potion of flight
 g - 3 potions of might
 h - a potion of lignification
 i - a potion of cancellation
 k - 4 potions of curing
 p - a potion of heal wounds
 u - a potion of degeneration


   Skills:
 + Level 4.6 Fighting
 + Level 3.7 Short Blades
 + Level 3.7 Long Blades
 + Level 3.7 Axes
 + Level 3.7 Maces & Flails
 + Level 3.7 Polearms
 + Level 3.7 Staves
 + Level 3.7 Ranged Weapons
 + Level 3.7 Throwing
 + Level 6.0 Armour
 + Level 4.6 Dodging
 + Level 4.4 Stealth
 + Level 3.7 Shields
 + Level 3.7 Unarmed Combat
 + Level 3.7 Spellcasting
 + Level 3.0 Conjurations
 + Level 3.0 Hexes
 + Level 3.0 Summonings
 + Level 3.0 Necromancy
 + Level 3.0 Translocations
 + Level 3.0 Transmutations
 + Level 3.0 Fire Magic
 + Level 3.0 Ice Magic
 + Level 3.0 Air Magic
 + Level 3.0 Earth Magic
 + Level 3.0 Poison Magic
 + Level 4.1 Invocations
 + Level 7.6 Evocations


You had 14 spell levels left.
You didn't know any spells.
Your spell library contained the following spells:

 Spells                   Type           Power      Damage    Failure   Level
 Dazzling Flash           Conj/Hex       16%        N/A       26%         3
 Animate Armour           Summ/Erth      16%        N/A       63%         4
 Iskenderun's Mystic Bla  Conj/Tloc      8%         2d4       63%         4
 Blade Hands              Tmut           4%         N/A       93%         5
 Iron Shot                Conj/Erth      4%         9d2       100%        6
 Starburst                Conj/Fire      4%         6d3       100%        6


Dungeon Overview and Level Annotations

Branches:
Dungeon (6/15)
 Temple: D:4-7

Altars:

Annotations:
D:4 3 runed translucent doors, NigelTetley's ghost, amateur SpBr


Innate Abilities, Weirdness & Mutations

You have very sharp teeth.
Your uncanny sense of smell can sniff out nearby items.
Your experience applies equally to all skills.


Message History

The orc is charmed.
The orc warrior hits you with a +0 flail!
You barely miss the orc warrior. The orc warrior barely misses you.
Your orc hits the orc warrior but does no damage.
You closely miss the orc warrior. The orc warrior barely misses you.
You hit the orc warrior but do no damage.
Your orc hits the orc warrior with a +0 trident.
The orc warrior hits you but does no damage.
You hit the orc warrior but do no damage.
The orc warrior is lightly wounded.
Your orc hits the orc warrior with a +0 trident.
The orc warrior closely misses you.
You hit the orc warrior.
The orc warrior is moderately wounded.
Your orc hits the orc warrior but does no damage.
You hit the orc warrior but do no damage.
The orc warrior is moderately wounded.
The orc warrior hits you with a +0 flail!
* * * LOW HITPOINT WARNING * * *
Your orc hits the orc warrior but does no damage.
You hit the orc warrior but do no damage.
Lightning courses through the orc warrior!!
The orc warrior is almost dead.
The orc warrior hits you with a +0 flail.
* * * LOW HITPOINT WARNING * * *
You hit the orc warrior but do no damage.
You bite the orc warrior, but do no damage.
The orc warrior is almost dead.
Your orc hits the orc warrior but does no damage.
The orc warrior barely misses your orc.
You hit the orc warrior but do no damage.
The orc warrior is almost dead.
Your orc barely misses the orc warrior.
The orc warrior hits you with a +0 flail!
* * * LOW HITPOINT WARNING * * *
You hit the orc warrior but do no damage.
The orc warrior is almost dead.
Your orc closely misses the orc warrior.
The orc warrior hits you with a +0 flail!
You die...

## ##. .. .#
.##
#####o#....#
#...@o..#
#.###......#
#.# ##.....
####.####
####
#.......#
#.##.##.# #
##.# # #...
# #..# #.<
#.#.## #..
...


You could see an orc warrior (ally target) and a friendly orc (charmed).

Vanquished Creatures
  A water moccasin (D:5)
  A black bear (D:5)
  An ogre (D:6)
  A phantom (D:5)
  2 bullfrogs (D:6)
  2 necrophages
  2 howler monkeys (D:6)
  A crimson imp (D:5)
  A hound (D:5)
  3 orc priests
  3 gnoll boudas (D:5)
  A jelly (D:4)
  5 iguanas
  An orc wizard (D:6)
  5 gnolls
  11 adders
  10 river rats (D:5)
  A shadow imp (D:6)
  2 white imps (D:5)
  4 worms
  2 dart slugs (D:1)
  6 orcs
  4 ball pythons
  7 bats
  7 endoplasms
  A giant cockroach (D:1)
  8 goblins
  6 hobgoblins
  3 jackals (D:3)
  4 kobolds
  9 quokkas
  5 frilled lizards
  23 rats
143 creatures vanquished.

Vanquished Creatures (collateral kills)
  A dart slug (D:4)
  An orc (D:4)
2 creatures vanquished.

Vanquished Creatures (others)
  4 gnolls
  An orc (D:5)
5 creatures vanquished.

Grand Total: 150 creatures vanquished

Notes
Turn   | Place    | Note
-------+----------+-------------------------------------------
     0 | D:1      | epen the Gnoll Artificer began the quest for the Orb.
     0 | D:1      | Reached XP level 1. HP: 17/17 MP: 1/1
   173 | D:1      | Reached XP level 2. HP: 7/23 MP: 2/2
   297 | D:1      | Reached XP level 3. HP: 28/28 MP: 3/3
   700 | D:1      | Reached skill level 1 in Invocations
  1167 | D:2      | Noticed a necrophage
  1172 | D:2      | Reached skill level 1 in Short Blades
  1172 | D:2      | Reached skill level 1 in Long Blades
  1172 | D:2      | Reached skill level 1 in Axes
  1172 | D:2      | Reached skill level 1 in Maces & Flails
  1172 | D:2      | Reached skill level 1 in Polearms
  1172 | D:2      | Reached skill level 1 in Staves
  1172 | D:2      | Reached skill level 1 in Ranged Weapons
  1172 | D:2      | Reached skill level 1 in Throwing
  1172 | D:2      | Reached skill level 1 in Shields
  1172 | D:2      | Reached skill level 1 in Unarmed Combat
  1172 | D:2      | Reached skill level 1 in Spellcasting
  1177 | D:2      | Killed a necrophage
  1178 | D:2      | Reached skill level 1 in Conjurations
  1178 | D:2      | Reached skill level 1 in Hexes
  1178 | D:2      | Reached skill level 1 in Summonings
  1178 | D:2      | Reached skill level 1 in Necromancy
  1178 | D:2      | Reached skill level 1 in Translocations
  1178 | D:2      | Reached skill level 1 in Transmutations
  1178 | D:2      | Reached skill level 1 in Fire Magic
  1178 | D:2      | Reached skill level 1 in Ice Magic
  1178 | D:2      | Reached skill level 1 in Air Magic
  1178 | D:2      | Reached skill level 1 in Earth Magic
  1178 | D:2      | Reached skill level 1 in Poison Magic
  1178 | D:2      | Reached XP level 4. HP: 15/34 MP: 5/5
  1184 | D:2      | Reached XP level 5. HP: 19/40 MP: 5/7
  2413 | D:3      | Reached XP level 6. HP: 38/47 MP: 8/8
  2840 | D:3      | Reached skill level 5 in Armour
  3097 | D:4      | Found a runed translucent gate.
  3098 | D:4      | Found a runed translucent gate.
  3348 | D:4      | Found a runed translucent gate.
  3348 | D:4      | Noticed NigelTetley's ghost (amateur SpBr)
  3661 | D:5      | Entered Level 5 of the Dungeon
  3718 | D:5      | Reached skill level 7 in Evocations
  3718 | D:5      | Reached XP level 7. HP: 23/52 MP: 10/10
  4196 | D:5      | Reached XP level 8. HP: 60/60 MP: 12/12
  5131 | D:6      | Slain by an orc warrior

Illustrated notes

Levels and vault maps discovered:
D:1:      grunt_arrival_lava_bath, layout_basic
D:2:      layout_loops_ring
D:3:      layout_loops_ring
D:4:      layout_rooms, ebering_ghost_rock_garden, serial_bayou_pond_b,
          corexii_leaking_fountain
D:5:      lemuel_ratsnest, layout_rooms, minmay_fire_ice_demons
D:6:      layout_loops_cross, temple_statues, portal_sewer_entry_d,
          serial_glass, glass_columns_c, glass_columns_b, doesnt_shop_hydraphobe

Skill      XL: |  1  2  3  4  5  6  7  8 |
---------------+-------------------------+-----
Invocations    | 1 2 3 4 |  4.1
Short Blades   | 1 2 3 |  3.7
Long Blades    | 1 2 3 |  3.7
Axes           | 1 2 3 |  3.7
Maces & Flails | 1 2 3 |  3.7
Polearms       | 1 2 3 |  3.7
Staves         | 1 2 3 |  3.7
Ranged Weapons | 1 2 3 |  3.7
Throwing       | 1 2 3 |  3.7
Shields        | 1 2 3 |  3.7
Unarmed Combat | 1 2 3 |  3.7
Spellcasting   | 1 2 3 |  3.7
Conjurations   | 1 2 3 |  3.0
Hexes          | 1 2 3 |  3.0
Summonings     | 1 2 3 |  3.0
Necromancy     | 1 2 3 |  3.0
Translocations | 1 2 3 |  3.0
Transmutations | 1 2 3 |  3.0
Fire Magic     | 1 2 3 |  3.0
Ice Magic      | 1 2 3 |  3.0
Air Magic      | 1 2 3 |  3.0
Earth Magic    | 1 2 3 |  3.0
Poison Magic   | 1 2 3 |  3.0
Fighting       | 3 4 |  4.6
Dodging        | 3 4 |  4.6
Stealth        | 3 4 |  4.4
Armour         | 5 6 |  6.0
Evocations     | 7 |  7.6

Action                     |  1- 3 |  4- 6 |  7- 9 || total
---------------------------+-------+-------+-------++-------
  Melee: Club              |   100 |   264 |       ||   364
         Punch             |     3 |     3 |    14 ||    20
         Bite              |     5 |    26 |    48 ||    79
         Dagger            |       |       |   431 ||   431
  Evoke: Wand              |    12 |    20 |    11 ||    43
    Use: Potion            |     1 |       |     1 ||     2
         Scroll            |       |       |    16 ||    16
   Stab: Sleeping          |     2 |     4 |     4 ||    10
 Armour: Leather armour    |    20 |    83 |    75 ||   178
  Dodge: Dodged            |    78 |   208 |   241 ||   527

Table legend: (Time is in decaauts)
 A = Elapsed time spent in this place.
 B = Non-inter-level travel time spent in this place.
 C = Inter-level travel time spent in this place.
 D = Time resting spent in this place.
 E = Time spent auto-exploring this place.
 F = Levels seen in this place.
 G = Mean time per level.
                   A        B        C        D        E       F      G
               +--------+--------+--------+--------+--------+-----+--------+
         Total |   5155 |   5002 |    153 |    356 |   3221 |   6 |  859.2 |
       Dungeon |   5155 |   5002 |    153 |    356 |   3221 |   6 |  859.2 |
               +--------+--------+--------+--------+--------+-----+--------+

Top non-repeatable levels by time:
     D:5: 1115 daAuts
     D:2: 1047 daAuts
     D:1: 1046 daAuts
     D:3: 1036 daAuts
     D:4: 607 daAuts
     D:6: 302 daAuts
